2784 views
Uploaded 2019-12-01 20:57:33
Game version 1.32.0.3 / 1.32.0.3.1
14:05 long 3on3 ladder game on (6)GnollWood
Saved by BEARAND
2784 views
Uploaded 2019-12-01 20:57:33
Game version 1.32.0.3 / 1.32.0.3.1
14:05 long 3on3 ladder game on (6)GnollWood


53 units @ 3.6k
/ 0k
119 buildings @ 8.2k
/ 4.3k



| Potion of Mana | 1 | 200 |
| Staff of Sanctuary | 2 | 500 |
| Periapt of Vitality | 2 | 650 |
| Staff of Teleportation | 2 | 300 |
| Boots of Speed | 2 | 500 |
| Orb of Lightning | 1 | 375 |
| total: | 10 | 2525g |
| Peasant | 14 | 1050 | / | 0 |
| Priest | 1 | 135 | / | 10 |
| total: | 15 | 1185g | / | 10w |
| Scout Tower | 73 | 2190 | / | 1460 |
| Arcane Tower | 4 | 280 | / | 200 |
| Guard Tower | 27 | 1890 | / | 1350 |
| Altar of Kings | 1 | 180 | / | 50 |
| Farm | 4 | 320 | / | 80 |
| Lumber Mill | 1 | 120 | / | 0 |
| Arcane Vault | 3 | 390 | / | 90 |
| Arcane Sanctum | 1 | 150 | / | 140 |
| Keep | 1 | 320 | / | 210 |
| Castle | 1 | 360 | / | 210 |
| total: | 83 | 3350g | / | 1820w |
| 0:03 | Peasant |
| 0:04 | Peasant |
| 0:08 | Altar of Kings |
| 0:15 | Farm |
| 0:19 | Peasant |
| 0:29 | Peasant |
| 0:37 | Peasant |
| 0:46 | Farm |
| 0:49 | Scout Tower |
| 0:52 | Peasant |
| 1:10 | Lumber Mill |
| 1:20 | Peasant |
| 1:21 | Peasant |
| 1:24 | Arcane Tower |
| 1:25 | Scout Tower |
| 1:33 | Scout Tower |
| 1:35 | Peasant |
| 1:35 | Peasant |
| 1:43 | Peasant |
| 1:45 | Scout Tower |
| 1:54 | Scout Tower |
| 2:05 | Arcane Tower |
| 2:10 | Summon Water Elemental |
| 2:12 | Guard Tower |
| 2:14 | Peasant |
| 2:14 | Peasant |
| 2:19 | Guard Tower |
| 2:20 | Scout Tower |
| 2:22 | Scout Tower |
| 2:27 | Guard Tower |
| 2:33 | Peasant |
| 2:53 | Guard Tower |
| 2:54 | Scout Tower |
| 3:16 | Guard Tower |
| 3:17 | Scout Tower |
| 3:26 | Periapt of Vitality |
| 3:30 | Guard Tower |
| 3:32 | Scout Tower |
| 3:34 | Keep |
| 3:41 | Staff of Teleportation |
| 3:41 | Boots of Speed |
| 3:48 | Guard Tower |
| 3:49 | Scout Tower |
| 3:53 | Improved Masonry |
| 3:56 | Farm |
| 4:05 | Farm |
| 4:08 | Guard Tower |
| 4:26 | Scout Tower |
| 4:26 | Scout Tower |
| 4:46 | Guard Tower |
| 4:48 | Scout Tower |
| 4:49 | Scout Tower |
| 4:56 | Guard Tower |
| 5:06 | Scout Tower |
| 5:07 | Scout Tower |
| 5:07 | Scout Tower |
| 5:11 | Arcane Vault |
| 5:11 | Arcane Vault |
| 5:12 | Arcane Vault |
| 5:15 | Scout Tower |
| 5:16 | Scout Tower |
| 5:20 | Guard Tower |
| 5:21 | Scout Tower |
| 5:22 | Scout Tower |
| 5:23 | Scout Tower |
| 5:25 | Scout Tower |
| 5:26 | Scout Tower |
| 5:27 | Scout Tower |
| 5:27 | Scout Tower |
| 5:31 | Guard Tower |
| 5:33 | Scout Tower |
| 5:34 | Scout Tower |
| 5:35 | Scout Tower |
| 5:35 | Scout Tower |
| 5:36 | Scout Tower |
| 5:36 | Scout Tower |
| 5:41 | Guard Tower |
| 5:46 | Guard Tower |
| 5:49 | Guard Tower |
| 6:21 | Brilliance Aura |
| 6:30 | Scout Tower |
| 6:40 | Guard Tower |
| 6:42 | Scout Tower |
| 6:45 | Scout Tower |
| 6:45 | Scout Tower |
| 6:47 | Scout Tower |
| 6:47 | Scout Tower |
| 6:49 | Scout Tower |
| 7:21 | Guard Tower |
| 7:25 | Guard Tower |
| 7:32 | Guard Tower |
| 7:41 | Storm Bolt |
| 7:48 | Guard Tower |
| 7:50 | Guard Tower |
| 8:29 | Castle |
| 8:45 | Scout Tower |
| 8:46 | Scout Tower |
| 8:47 | Scout Tower |
| 8:47 | Scout Tower |
| 8:48 | Scout Tower |
| 8:49 | Scout Tower |
| 8:51 | Staff of Teleportation |
| 8:51 | Boots of Speed |
| 9:00 | Summon Water Elemental |
| 9:05 | Advanced Masonry |
| 9:07 | Arcane Sanctum |
| 9:11 | Scout Tower |
| 9:12 | Scout Tower |
| 9:13 | Scout Tower |
| 9:14 | Scout Tower |
| 9:14 | Scout Tower |
| 9:15 | Scout Tower |
| 9:38 | Scout Tower |
| 9:39 | Scout Tower |
| 9:42 | Scout Tower |
| 9:42 | Scout Tower |
| 9:56 | Bash |
| 10:31 | Scout Tower |
| 10:31 | Scout Tower |
| 10:32 | Scout Tower |
| 10:32 | Scout Tower |
| 10:35 | Guard Tower |
| 10:37 | Scout Tower |
| 10:38 | Scout Tower |
| 10:38 | Scout Tower |
| 10:39 | Scout Tower |
| 10:41 | Scout Tower |
| 10:41 | Scout Tower |
| 10:42 | Scout Tower |
| 10:43 | Scout Tower |
| 11:02 | Guard Tower |
| 11:03 | Guard Tower |
| 11:09 | Potion of Mana |
| 11:12 | Staff of Sanctuary |
| 11:17 | Staff of Sanctuary |
| 11:18 | Orb of Lightning |
| 11:26 | Scout Tower |
| 11:27 | Scout Tower |
| 11:28 | Scout Tower |
| 11:55 | Arcane Tower |
| 12:22 | Periapt of Vitality |
| 12:42 | Holy Light |
| 13:00 | Guard Tower |
| 13:03 | Guard Tower |
| 13:11 | Magic Sentry |
| 13:11 | Priest |
| 13:13 | Arcane Tower |
| 13:15 | Guard Tower |
| 13:18 | Scout Tower |
| 13:18 | Scout Tower |
| Right click | 756 |
| Select group | 376 |
| Select | 226 |
| Build/train/purchase | 97 |
| Misc. action | 48 |
| Use ability | 26 |
| Chat | 17 |
| Minimap ping | 8 |
| Assign group | 7 |
| Item give/drop | 5 |
| Esc | 4 |



| Healing Salve | 3 | 300 |
| Lesser Clarity Potion | 3 | 210 |
| Orb of Lightning | 1 | 375 |
| Staff of Teleportation | 3 | 450 |
| Boots of Speed | 3 | 750 |
| total: | 13 | 2085g |
| Peon | 12 | 900 | / | 0 |
| total: | 12 | 900g | / | 0w |
| Watch Tower | 23 | 2530 | / | 1840 |
| Altar of Storms | 1 | 180 | / | 50 |
| Orc Burrow | 2 | 320 | / | 80 |
| War Mill | 1 | 205 | / | 0 |
| Voodoo Lounge | 3 | 390 | / | 90 |
| Stronghold | 1 | 315 | / | 190 |
| Fortress | 1 | 325 | / | 190 |
| total: | 30 | 3625g | / | 2060w |
| 0:03 | Peon |
| 0:03 | Peon |
| 0:08 | Altar of Storms |
| 0:17 | Peon |
| 0:20 | Orc Burrow |
| 0:30 | War Mill |
| 0:41 | Peon |
| 0:50 | Peon |
| 1:15 | Voodoo Lounge |
| 1:22 | Peon |
| 1:22 | Peon |
| 1:39 | Peon |
| 1:46 | Peon |
| 1:50 | Watch Tower |
| 1:58 | Peon |
| 2:03 | Peon |
| 2:07 | Wind Walk |
| 2:12 | Watch Tower |
| 2:17 | Healing Salve |
| 2:19 | Lesser Clarity Potion |
| 2:24 | Peon |
| 2:40 | Watch Tower |
| 2:50 | Watch Tower |
| 3:46 | Stronghold |
| 3:49 | Orc Burrow |
| 3:53 | Staff of Teleportation |
| 4:04 | Watch Tower |
| 4:24 | Boots of Speed |
| 4:46 | Watch Tower |
| 5:23 | Watch Tower |
| 5:43 | Watch Tower |
| 6:39 | Critical Strike |
| 6:44 | Watch Tower |
| 6:45 | Watch Tower |
| 6:59 | Watch Tower |
| 7:02 | Healing Salve |
| 7:03 | Lesser Clarity Potion |
| 7:07 | Shockwave |
| 7:11 | Fortress |
| 7:23 | Staff of Teleportation |
| 7:45 | Boots of Speed |
| 7:56 | Watch Tower |
| 8:02 | Reinforced Defenses |
| 8:22 | Voodoo Lounge |
| 8:29 | Voodoo Lounge |
| 8:44 | Watch Tower |
| 8:58 | Watch Tower |
| 9:31 | Endurance Aura |
| 9:41 | Watch Tower |
| 10:40 | Healing Wave |
| 10:46 | Orb of Lightning |
| 10:53 | Watch Tower |
| 10:54 | Watch Tower |
| 11:41 | Watch Tower |
| 11:41 | Watch Tower |
| 11:51 | Healing Salve |
| 11:52 | Lesser Clarity Potion |
| 12:09 | Watch Tower |
| 12:09 | Watch Tower |
| 12:10 | Watch Tower |
| 12:10 | Watch Tower |
| 12:21 | Wind Walk |
| 12:40 | Boots of Speed |
| 13:01 | Staff of Teleportation |
| 13:59 | Shockwave |
| Right click | 1196 |
| Select | 357 |
| Select group | 167 |
| Chat | 88 |
| Build/train/purchase | 52 |
| Use ability | 23 |
| Assign group | 13 |
| Minimap ping | 12 |
| Item give/drop | 5 |
| Misc. action | 4 |
| Remove unit | 2 |
| Esc | 1 |


| Dust of Appearance | 1 | 75 |
| Boots of Speed | 2 | 500 |
| Staff of Teleportation | 2 | 300 |
| total: | 5 | 875g |
| Wisp | 26 | 1560 | / | 0 |
| total: | 26 | 1560g | / | 0w |
| Altar of Elders | 1 | 180 | / | 50 |
| Moon Well | 3 | 540 | / | 120 |
| Hunter's Hall | 1 | 210 | / | 100 |
| Tree of Life | 1 | 340 | / | 185 |
| Tree of Ages | 1 | 320 | / | 180 |
| Tree of Eternity | 1 | 330 | / | 200 |
| total: | 6 | 1270g | / | 455w |
| 0:03 | Wisp |
| 0:03 | Wisp |
| 0:04 | Altar of Elders |
| 0:18 | Moon Well |
| 0:23 | Wisp |
| 0:41 | Wisp |
| 0:48 | Moon Well |
| 0:55 | Wisp |
| 0:55 | Wisp |
| 1:13 | Wisp |
| 1:13 | Wisp |
| 1:19 | Wisp |
| 1:35 | Wisp |
| 1:51 | Wisp |
| 2:08 | Shadow Strike |
| 2:11 | Wisp |
| 2:31 | Wisp |
| 2:31 | Wisp |
| 2:41 | Wisp |
| 3:10 | Wisp |
| 3:18 | Wisp |
| 3:18 | Wisp |
| 4:09 | Wisp |
| 4:58 | Blink |
| 5:04 | Wisp |
| 5:04 | Wisp |
| 5:13 | Dust of Appearance |
| 5:14 | Boots of Speed |
| 5:56 | Tree of Ages |
| 6:26 | Moon Well |
| 7:21 | Hunter's Hall |
| 8:34 | Shadow Strike |
| 9:05 | Tree of Life |
| 9:20 | Entangling Roots |
| 9:27 | Ultravision |
| 9:47 | Boots of Speed |
| 10:58 | Staff of Teleportation |
| 11:14 | Wisp |
| 11:14 | Wisp |
| 11:14 | Wisp |
| 11:14 | Wisp |
| 11:15 | Wisp |
| 12:04 | Tree of Eternity |
| 12:53 | Staff of Teleportation |
| Right click | 1015 |
| Select | 203 |
| Resource trade | 157 |
| Select group | 76 |
| Build/train/purchase | 42 |
| Misc. action | 41 |
| Use ability | 32 |
| Chat | 4 |
| Assign group | 2 |
105 units @ 12.8k
/ 2.4k
50 buildings @ 6.2k
/ 2.9k

| Scroll of Regeneration | 2 | 200 |
| Lesser Clarity Potion | 1 | 70 |
| total: | 3 | 270g |
| Peasant | 8 | 600 | / | 0 |
| Footman | 3 | 405 | / | 0 |
| Rifleman | 8 | 1640 | / | 240 |
| Mortar Team | 9 | 1620 | / | 630 |
| total: | 28 | 4265g | / | 870w |
| Scout Tower | 1 | 30 | / | 20 |
| Arcane Tower | 1 | 70 | / | 50 |
| Altar of Kings | 1 | 180 | / | 50 |
| Farm | 8 | 640 | / | 160 |
| Barracks | 1 | 160 | / | 60 |
| Arcane Vault | 1 | 130 | / | 30 |
| Blacksmith | 1 | 140 | / | 60 |
| Lumber Mill | 1 | 120 | / | 0 |
| Workshop | 2 | 280 | / | 280 |
| Keep | 1 | 320 | / | 210 |
| Castle | 1 | 360 | / | 210 |
| total: | 16 | 1680g | / | 660w |
| 0:02 | Peasant |
| 0:03 | Peasant |
| 0:04 | Altar of Kings |
| 0:19 | Farm |
| 0:20 | Barracks |
| 0:27 | Peasant |
| 0:50 | Farm |
| 0:53 | Peasant |
| 0:53 | Peasant |
| 1:26 | Footman |
| 1:26 | Footman |
| 1:33 | Farm |
| 1:45 | Arcane Vault |
| 1:54 | Farm |
| 2:11 | Summon Water Elemental |
| 2:22 | Peasant |
| 2:22 | Peasant |
| 2:25 | Blacksmith |
| 2:45 | Scout Tower |
| 3:20 | Arcane Tower |
| 3:47 | Peasant |
| 3:52 | Lumber Mill |
| 3:56 | Rifleman |
| 3:56 | Rifleman |
| 4:08 | Farm |
| 4:10 | Rifleman |
| 4:50 | Keep |
| 4:53 | Rifleman |
| 5:33 | Brilliance Aura |
| 5:39 | Rifleman |
| 6:52 | Footman |
| 6:53 | Rifleman |
| 6:53 | Rifleman |
| 7:34 | Castle |
| 7:38 | Workshop |
| 7:47 | Workshop |
| 8:11 | Scroll of Regeneration |
| 8:11 | Lesser Clarity Potion |
| 8:22 | Mortar Team |
| 8:35 | Mortar Team |
| 8:37 | Flare |
| 8:56 | Black Gunpowder |
| 8:59 | Mortar Team |
| 9:15 | Summon Water Elemental |
| 9:27 | Mortar Team |
| 9:30 | Farm |
| 9:33 | Farm |
| 9:33 | Farm |
| 10:43 | Mortar Team |
| 10:45 | Rifleman |
| 11:18 | Mortar Team |
| 11:19 | Fragmentation Shards |
| 11:22 | Refined Gunpowder |
| 11:22 | Studded Leather Armor |
| 11:43 | Mortar Team |
| 12:12 | Mortar Team |
| 12:15 | Mortar Team |
| 13:11 | Scroll of Regeneration |
| Right click | 416 |
| Select | 337 |
| Select group | 333 |
| Misc. action | 61 |
| Build/train/purchase | 53 |
| Assign group | 11 |
| Use ability | 10 |
| Minimap ping | 4 |
| Esc | 1 |

| Wisp | 15 | 900 | / | 0 |
| Archer | 3 | 390 | / | 30 |
| Huntress | 6 | 1170 | / | 120 |
| Hippogryph | 3 | 480 | / | 60 |
| Chimaera | 4 | 1320 | / | 280 |
| total: | 31 | 4260g | / | 490w |
| Altar of Elders | 1 | 180 | / | 50 |
| Moon Well | 7 | 1260 | / | 280 |
| Ancient of War | 1 | 150 | / | 60 |
| Hunter's Hall | 1 | 210 | / | 100 |
| Ancient of Lore | 1 | 155 | / | 145 |
| Ancient of Wind | 1 | 150 | / | 140 |
| Chimaera Roost | 3 | 420 | / | 570 |
| Tree of Ages | 1 | 320 | / | 180 |
| Tree of Eternity | 1 | 330 | / | 200 |
| total: | 15 | 2525g | / | 1345w |
| 0:02 | Wisp |
| 0:04 | Altar of Elders |
| 0:12 | Wisp |
| 0:20 | Moon Well |
| 0:23 | Wisp |
| 0:32 | Wisp |
| 0:48 | Ancient of War |
| 0:51 | Wisp |
| 1:00 | Wisp |
| 1:17 | Wisp |
| 1:26 | Wisp |
| 1:34 | Moon Well |
| 1:38 | Wisp |
| 1:50 | Archer |
| 2:14 | Force of Nature |
| 2:29 | Archer |
| 2:32 | Hunter's Hall |
| 2:40 | Wisp |
| 2:45 | Moon Well |
| 3:40 | Wisp |
| 3:40 | Wisp |
| 3:44 | Huntress |
| 4:19 | Wisp |
| 4:24 | Huntress |
| 4:31 | Moon Well |
| 5:13 | Archer |
| 5:28 | Tree of Ages |
| 5:33 | Sentinel |
| 5:50 | Huntress |
| 6:23 | Huntress |
| 6:31 | Moon Well |
| 6:32 | Huntress |
| 7:15 | Entangling Roots |
| 7:28 | Huntress |
| 7:51 | Ancient of Lore |
| 7:58 | Ancient of Wind |
| 8:08 | Tree of Eternity |
| 9:01 | Hippogryph |
| 9:10 | Ultravision |
| 9:15 | Improved Bows |
| 9:36 | Hippogryph |
| 9:44 | Entangling Roots |
| 10:07 | Hippogryph |
| 11:25 | Chimaera Roost |
| 11:28 | Chimaera Roost |
| 11:34 | Chimaera Roost |
| 11:39 | Wisp |
| 11:39 | Wisp |
| 11:48 | Moon Well |
| 11:48 | Moon Well |
| 12:50 | Chimaera |
| 12:50 | Chimaera |
| 12:54 | Chimaera |
| 12:58 | Strength of the Wild |
| 12:59 | Reinforced Hides |
| 13:28 | Chimaera |
| 13:42 | Force of Nature |
| Right click | 474 |
| Select group | 203 |
| Select | 172 |
| Misc. action | 83 |
| Build/train/purchase | 50 |
| Assign group | 20 |
| Use ability | 12 |
| Minimap ping | 5 |
| Peasant | 13 | 975 | / | 0 |
| Flying Machine | 33 | 3300 | / | 990 |
| total: | 46 | 4275g | / | 990w |
| Scout Tower | 3 | 90 | / | 60 |
| Guard Tower | 2 | 140 | / | 100 |
| Farm | 10 | 800 | / | 200 |
| Altar of Kings | 1 | 180 | / | 50 |
| Lumber Mill | 1 | 120 | / | 0 |
| Blacksmith | 1 | 140 | / | 60 |
| Town Hall | 1 | 385 | / | 205 |
| Cannon Tower | 1 | 120 | / | 100 |
| Workshop | 2 | 280 | / | 280 |
| Keep | 1 | 320 | / | 210 |
| Castle | 1 | 360 | / | 210 |
| total: | 19 | 1995g | / | 855w |
| 0:03 | Peasant |
| 0:04 | Peasant |
| 0:04 | Peasant |
| 0:05 | Peasant |
| 0:33 | Peasant |
| 0:36 | Farm |
| 0:48 | Peasant |
| 1:01 | Peasant |
| 1:05 | Farm |
| 1:12 | Altar of Kings |
| 1:24 | Peasant |
| 2:04 | Peasant |
| 2:15 | Lumber Mill |
| 2:19 | Keep |
| 2:25 | Scout Tower |
| 2:57 | Farm |
| 3:06 | Blacksmith |
| 3:43 | Guard Tower |
| 3:54 | Scout Tower |
| 4:21 | Guard Tower |
| 4:28 | Farm |
| 4:34 | Black Gunpowder |
| 4:42 | Workshop |
| 4:48 | Improved Lumber Harvesting |
| 4:52 | Studded Leather Armor |
| 5:07 | Castle |
| 5:36 | Workshop |
| 5:45 | Flying Machine |
| 6:21 | Flak Cannons |
| 6:28 | Scout Tower |
| 6:32 | Flying Machine |
| 6:51 | Flying Machine |
| 6:53 | Flying Machine |
| 6:59 | Farm |
| 7:02 | Farm |
| 7:18 | Refined Gunpowder |
| 7:23 | Flying Machine |
| 7:33 | Flying Machine |
| 7:37 | Peasant |
| 7:51 | Flying Machine Bombs |
| 8:03 | Farm |
| 8:06 | Flying Machine |
| 8:09 | Peasant |
| 8:19 | Flying Machine |
| 8:22 | Flying Machine |
| 8:28 | Farm |
| 8:32 | Advanced Lumber Harvesting |
| 8:42 | Flying Machine |
| 8:43 | Flying Machine |
| 8:52 | Peasant |
| 8:54 | Flying Machine |
| 8:57 | Flying Machine |
| 8:58 | Peasant |
| 9:04 | Farm |
| 9:10 | Flying Machine |
| 9:13 | Farm |
| 9:15 | Cannon Tower |
| 9:27 | Flying Machine |
| 9:31 | Flying Machine |
| 9:45 | Reinforced Leather Armor |
| 9:48 | Flying Machine |
| 10:28 | Imbued Gunpowder |
| 10:53 | Flying Machine |
| 10:54 | Flying Machine |
| 10:54 | Flying Machine |
| 10:54 | Flying Machine |
| 10:55 | Flying Machine |
| 10:56 | Flying Machine |
| 10:56 | Flying Machine |
| 11:12 | Flying Machine |
| 11:17 | Flying Machine |
| 11:43 | Flying Machine |
| 11:44 | Flying Machine |
| 12:42 | Town Hall |
| 12:49 | Flying Machine |
| 12:49 | Flying Machine |
| 12:50 | Flying Machine |
| 12:50 | Flying Machine |
| 13:34 | Flying Machine |
| Select | 278 |
| Right click | 122 |
| Build/train/purchase | 62 |
| Misc. action | 32 |
| Chat | 4 |
| Select group | 2 |
| Assign group | 1 |
| Remove unit | 1 |
⇛